 Dungeon Crawl Stone Soup version 0.25-a0-341-g6f074c887a (webtiles) character file.

Game seed: 4128357850318213775, levelgen mode: deterministic

63 Chavier10 the Conjurer (level 3, -5/27 HPs)
             Began as a Demigod Conjurer on Dec 30, 2019.
             Killed from afar by Sigmund (8 damage)
             ... with a magic dart
             ... on level 2 of the Dungeon.
             The game lasted 00:05:10 (1594 turns).

Chavier10 the Conjurer (Demigod Conjurer)           Turns: 1594, Time: 00:05:13

Health: -5/27      AC:  2    Str: 11    XL:     3   Next: 61%
Magic:  3/8        EV: 13    Int: 21    God:
Gold:   32         SH:  0    Dex: 16    Spells: 3/6 levels left

rFire    . . .     SeeInvis .   h - +1 whip (drain)
rCold    . . .     Gourm    .   (no shield)
rNeg     + . .     Faith    .   a - +0 robe
rPois    .         Spirit   .   (no helmet)
rElec    .         Reflect  .   (no cloak)
rCorr    .         Harm     .   (no gloves)
MR       .....                  (no boots)
Stlth    ++........             (no amulet)
HPRegen  0.09/turn              d - ring of positive energy
MPRegen  0.11/turn              (no ring)

@: lethally poisoned (-5 -> -9), very slightly contaminated
A: high mp 1
a: no special abilities


You were on level 2 of the Dungeon.
You were not hungry.

You visited 1 branch of the dungeon, and saw 2 of its levels.

You collected 32 gold pieces.

Inventory:

Hand Weapons
 b - a +0 short sword
 e - a cursed +0 dagger
 h - a +1 whip of draining (weapon)
Armour
 a - a +0 robe (worn)
Jewellery
 d - a ring of positive energy (left hand)
Potions
 g - a potion of lignification {unknown}
 i - a potion of berserk rage {unknown}
Comestibles
 c - 4 rations
 f - a chunk of flesh


   Skills:
 + Level 0.6 Fighting
 + Level 0.7 Short Blades
 + Level 2.1 Dodging
 + Level 2.4 Stealth
 + Level 2.0 Spellcasting
 + Level 4.2 Conjurations


You had 3 spell levels left.
You knew the following spells:

 Your Spells              Type           Power        Failure   Level  Hunger
a - Magic Dart            Conj           ###.         2%          1    #......
b - Searing Ray           Conj           ###...       4%          2    ##.....

Your spell library contained the following spells:

 Spells                   Type           Power        Failure   Level  Hunger
 Dazzling Flash           Conj/Hex       ##....       19%         3    ###....
 Fulminant Prism          Conj/Hex       ##........   52%         4    #####..
 Iskenderun's Mystic Bla  Conj/Tloc      ##......     52%         4    #####..


Dungeon Overview and Level Annotations

Branches:
Dungeon (2/15)

Annotations:
D:2 Sigmund


Innate Abilities, Weirdness & Mutations

You have an increased reservoir of magic. (+10% MP)


Message History

The adder hisses angrily.
The adder barely misses you. Something hits you.
The adder bites you but does no damage.
You miss the adder.
The adder is almost dead.
You feel sick. The adder bites you.
You are more poisoned.
The adder poisons you! Something hits you.
* * * LOW HITPOINT WARNING * * *
You barely miss the adder.
The adder is almost dead.
The adder misses you. The adder closely misses you.
You hit the adder.
You kill the adder!
Your Spellcasting skill increases to level 2!
* * * LOW HITPOINT WARNING * * *
You feel sick.
A magic dart appears from out of thin air!
The magic dart hits you!
You die...

,** *,* *,*** #.,≈≈♣≈≈≈≈≈., ,*
*,* *,* #.,≈≈≈≈≈≈≈≈≈, ,* *,* *,*
#.♣≈.≈≈≈≈≈≈.≈ +** *,*****,*
#..♣≈≈≈≈≈≈≈., ,,** *,,,,,,,*
#.....≈.≈≈≈≈, ,,,** ****,****
####..#.gP..♣,,, ,,,,** **,**
#.........#,#*,,
,,,,,****...######g###.....#.#,,,
,,,,,+,,,.....S.@†g.(........+,,,
,,,,,****...######{###%......#,,,
,,,,** **,** #.###.#.#.###*,,
,,,** *,* #..)......# **, ,,**
*,* #####.##### ** +** *,* #.# *
,* *,* #.# ,***** *,* #####.#####
# ,,,,,*****,* #.........### #


You could see an adder, a hobgoblin and a goblin.

Vanquished Creatures
  4 adders (D:2)
  2 giant cockroaches
  4 goblins (D:1)
  3 hobgoblins
  4 jackals
  2 kobolds
  3 bats
  2 frilled lizards (D:1)
  2 rats
26 creatures vanquished.

Notes
Turn   | Place    | Note
-------+----------+-------------------------------------------
     0 | D:1      | Chavier10 the Demigod Conjurer began the quest for the Orb.
     0 | D:1      | Reached XP level 1. HP: 14/14 MP: 5/5
   502 | D:1      | Reached skill level 4 in Conjurations
   688 | D:1      | Reached XP level 2. HP: 6/20 MP: 7/7
   692 | D:1      | Learned a level 2 spell: Searing Ray
  1512 | D:2      | Reached XP level 3. HP: 27/27 MP: 5/8
  1566 | D:2      | Noticed Sigmund
  1594 | D:2      | Killed from afar by Sigmund

Levels and vault maps discovered:
D:1:      psy_arrival_statuary, layout_basic, fountainhead
D:2:      layout_loops_corners, serial_bayou_pond_b, uniq_sigmund

Skill      XL: |  1  2  3 |
---------------+----------+-----
Conjurations   | 4 |  4.2
Stealth        | 2 |  2.4
Dodging        | 2 |  2.1
Spellcasting   | 2 |  2.0
Fighting       | |  0.6
Short Blades   | |  0.7

Action                   || total
-------------------------++-------
Melee: Short sword       ||    50
       Whip              ||    23
 Cast: Searing Ray       ||    14
  Use: Scroll            ||     1
 Stab: Sleeping          ||     2
  Eat: Chunk             ||     3
Armor: Robe              ||    12
Dodge: Dodged            ||    64

Table legend:
 A = Non-vault XP
 B = Vault XP
 C = Vault XP percentage of total XP
 D = Non-vault monster count
 E = Vault monster count
 F = Vault count percentage of total count
                 A         B        C        D         E       F
            +---------+---------+-------+---------+---------+-------
      Total |      62 |      28 |  31.1 |      23 |       3 |  11.5
            +---------+---------+-------+---------+---------+-------
        D:1 |      24 |       0 |   0.0 |      14 |       0 |   0.0
        D:2 |      38 |      28 |  42.4 |       9 |       3 |  25.0
            +---------+---------+-------+---------+---------+-------
